 Dungeon Crawl Stone Soup version 0.23.0-3-gf3c87f2 (webtiles) character file.

Game seed: 521396257501064288

57 Borgoz the Sneak (level 4, -1/39 HPs)
             Began as a Kobold Enchanter on Feb 23, 2019.
             Slain by Natasha (3 damage)
             ... on level 2 of the Dungeon.
             The game lasted 00:02:05 (1469 turns).

Borgoz the Sneak (Kobold Enchanter)                 Turns: 1469, Time: 00:02:05

Health: -1/39      AC: 22    Str:  6    XL:     4   Next: 18%
Magic:  4/7        EV:  3    Int: 16    God:
Gold:   35         SH:  0    Dex: 20    Spells: 7/8 levels left

rFire    . . .     SeeInvis .   a - +1 dagger
rCold    . . .     Gourm    .   (shield restricted)
rNeg     + + +     Faith    .   (armour currently unavailable)
rPois    +         Spirit   .   (helmet currently unavailable)
rElec    .         Reflect  .   (cloak currently unavailable)
rCorr    .         Harm     .   (gloves currently unavailable)
MR       .....     NoTele   +   (boots currently unavailable)
Stlth    ++++......             (no amulet)
HPRegen  0.13/turn              (no ring)
MPRegen  0.10/turn              (no ring)

@: agile, tree-form (expiring)
A: small, carnivore
a: no special abilities


You were on level 2 of the Dungeon.
You were completely stuffed.
You were a tree.
You visited 1 branch of the dungeon, and saw 2 of its levels.

You collected 35 gold pieces.

Inventory:

Hand Weapons
 a - a +1 dagger (weapon)
Armour
 b - a +0 robe (melded)
Jewellery
 g - a cursed ring of flight {unknown}
 i - an uncursed amulet of guardian spirit {unknown}
Comestibles
 d - a ration


   Skills:
 * Level 1.9 Fighting
 + Level 2.2 Short Blades
 + Level 2.9 Dodging
 + Level 4.4 Stealth
 + Level 2.5 Spellcasting
 + Level 3.3 Hexes


You had 7 spell levels left.
You knew the following spells:

 Your Spells              Type           Power        Failure   Level  Hunger
a - Corona                Hex            ##.....      4%          1    #......

Your spell library contained the following spells:

 Spells                   Type           Power        Failure   Level  Hunger
 Ensorcelled Hibernation  Hex/Ice        #.....       16%         2    ##.....
 Confuse                  Hex            ##......     16%         3    ###....
 Tukima's Dance           Hex            ##......     16%         3    ###....
 Dazzling Spray           Conj/Hex       #.....       30%         3    ###....


Dungeon Overview and Level Annotations

Branches:
Dungeon (2/15)

Altars:

Annotations:
D:2 Natasha


Innate Abilities, Weirdness & Mutations

You are small and have problems with some larger weapons.
You are carnivorous and can eat meat at any time.


Message History

The ooze hits you but does no damage.
You hit the ooze but do no damage.
The ooze is moderately wounded.
Natasha claws you but does no damage.
Casting: Corona (safe; 4% risk of failure)
Confirm with . or Enter, or press ? or * to list all spells.
Aiming: Corona (safe; 4% risk of failure)
Press: ? - help, Shift-Dir - straight line, f - Natasha, p - ooze
Aim: Natasha (chance to defeat MR: 49%) Natasha is outlined in light.
Your transformation is almost over.
The ooze hits you but does no damage. Natasha claws you but does no damage.
You hit Natasha but do no damage. The ooze hits you.
* * * LOW HITPOINT WARNING * * *
The crimson imp blinks!
Natasha claws you but does no damage.
You hit Natasha but do no damage. The ooze hits you but does no damage.
You hit Natasha.
Natasha is lightly wounded.
Natasha claws you.
You die...

#.... #....#
#....# #..#.##
#..#.. #...#
###...#####
#.5.♣.....#
#..Jh.......
##...§...###.
#......###
#.##...# #.
##.##
#.##...#####.#
#.#..........#
#........#####


You could see Natasha, a crimson imp and an ooze.

Vanquished Creatures
  Natasha (D:2)
  An ooze (D:1)
  2 dart slugs (D:1)
  2 leopard geckos (D:1)
  6 bats (D:1)
  A giant cockroach (D:2)
  3 hobgoblins (D:1)
  2 jackals (D:1)
  2 frilled lizards (D:1)
  A goblin (D:1)
  A kobold (D:1)
  2 rats
24 creatures vanquished.

Notes
Turn   | Place    | Note
-------+----------+-------------------------------------------
     0 | D:1      | Borgoz the Kobold Enchanter began the quest for the Orb.
     0 | D:1      | Reached XP level 1. HP: 10/10 MP: 3/3
   224 | D:1      | Reached skill level 1 in Fighting
   224 | D:1      | Reached XP level 2. HP: 16/16 MP: 5/5
   692 | D:1      | Reached XP level 3. HP: 20/20 MP: 6/6
  1422 | D:2      | Noticed Natasha
  1448 | D:2      | Killed Natasha
  1448 | D:2      | Reached XP level 4. HP: 7/26 MP: 7/7
  1458 | D:2      | Noticed Natasha
  1469 | D:2      | Slain by Natasha

Skill      XL: |  1  2  3 |
---------------+----------+-----
Fighting       | 1 |  1.9
Short Blades   | 2 |  2.2
Dodging        | |  2.9
Stealth        | |  4.4
Spellcasting   | |  2.5
Hexes          | |  3.3

Action                   |  1- 3 |  4- 6 || total
-------------------------+-------+-------++-------
Melee: Dagger            |    75 |    17 ||    92
 Cast: Corona            |     6 |     4 ||    10
  Use: Potion            |     3 |       ||     3
       Scroll            |     1 |       ||     1
 Stab: Sleeping          |    12 |       ||    12
  Eat: Chunk             |    10 |       ||    10
Armor: Robe              |     9 |       ||     9
       Skin              |    33 |    24 ||    57
Dodge: Dodged            |    54 |     1 ||    55
